 Dungeon Crawl Stone Soup version 0.23.2-33-g5129a83184 (webtiles) character file.

Game seed: 6718688421465513799

115 Kold the Insei (level 5, -5/33 HPs)
             Began as an Octopode Transmuter on July 20, 2019.
             Slain by a river rat (10 damage)
             ... in a sewer.
             The game lasted 00:05:18 (2285 turns).

Kold the Insei (Octopode Transmuter)                Turns: 2285, Time: 00:05:18

Health: -5/33      AC:  1    Str: 11    XL:     5   Next: 0%
Magic:  6/8        EV: 14    Int: 15    God:
Gold:   131        SH:  0    Dex: 12    Spells: 3/9 levels left

rFire    . . .     SeeInvis .     - Unarmed
rCold    . . .     Gourm    .   (no shield)
rNeg     . . .     Faith    .   (helmet restricted)
rPois    .         Spirit   .   (no amulet)
rElec    .         Reflect  .   i - ring of wizardry
rCorr    .         Harm     .   (no ring)
MR       .....                  (no ring)
Stlth    +++.......             (no ring)
HPRegen  0.11/turn              (no ring)
MPRegen  0.11/turn              (no ring)
                                (no ring)
                                (no ring)

@: appendage (expiring)
A: almost no armour, stealthy swim, amphibious, 8 rings, constrict 8, tentacle
spike 3, camouflage 1, gelatinous body 1
a: End Transformation


You were in a sewer.
You were not hungry.
One of your tentacles had a temporary spike.
You visited 1 branch of the dungeon, and saw 3 of its levels.
You also visited: Sewer.

You collected 131 gold pieces.

Inventory:

Missiles
 a - 11 arrows
Jewellery
 i - a ring of wizardry (left tentacle)
 o - an uncursed ring of fire
Scrolls
 j - 6 scrolls of identify
 l - 3 scrolls of random uselessness {unknown}
Potions
 b - a potion of degeneration {unknown}
 d - a potion of magic {unknown}
 e - 5 potions of curing {unknown}
 f - 2 potions of heal wounds {unknown}
 h - a potion of invisibility {unknown}
 k - a potion of haste {unknown}
 p - a potion of might {unknown}
Comestibles
 c - 3 rations


   Skills:
 - Level 1.0 Fighting
 + Level 2.8 Dodging
 - Level 2.0 Stealth
 + Level 3.6 Unarmed Combat
 + Level 2.6 Spellcasting
 + Level 2.8 Transmutations
 + Level 1.0 Poison Magic


You had 3 spell levels left.
You knew the following spells:

 Your Spells              Type           Power        Failure   Level  Hunger
a - Beastly Appendage     Tmut           ##....       2%          1    #......
b - Spider Form           Tmut/Pois      #.........   12%         3    ###....
c - Sticks to Snakes      Tmut           ##......     4%          2    ###....

Your spell library contained the following spells:

 Spells                   Type           Power        Failure   Level  Hunger
 Ice Form                 Ice/Tmut       #.......     41%         4    #####..
 Blade Hands              Tmut           ##........   54%         5    ######.


Dungeon Overview and Level Annotations

Branches:
Dungeon (3/15)

Altars:


Innate Abilities, Weirdness & Mutations

You cannot wear most types of armour.
You are very stealthy in the water. (Stealth+)
You are amphibious.
You can wear up to eight rings at the same time.
You can use your tentacles to constrict eight enemies at once.
Your skin changes colour to match your surroundings (Stealth+).
Your rubbery body absorbs attacks. (AC +1, EV +1)
One of your tentacles bears a large vicious spike.


Message History

* * * LOW HITPOINT WARNING * * *
The river rat closely misses you.
You tentacle-slap the river rat but do no damage.
The river rat is almost dead.
You constrict the river rat.
You kill the river rat!
Your Poison Magic skill increases to level 1!
You have reached level 5!
You feel stronger. The river rat bites you.
* * * LOW HITPOINT WARNING * * *
You tentacle-slap the river rat. Your grab misses the river rat.
The river rat is heavily wounded.
The river rat closely misses you. The rat closely misses you.
You barely miss the river rat. You grab the river rat.
You pierce the river rat, but do no damage.
The river rat is heavily wounded.
Your transformation is almost over.
You constrict the river rat. The river rat bites you!
You die...

#≈#
#.#
#.#
#r#
#.#
#.#
#r#
#@#
#r#
#r#
#.#
#.#
#.#
#.#
###


You could see a river rat and 3 rats.

Vanquished Creatures
  2 adders (D:2)
  A river rat (Sewer)
  2 oozes
  2 worms
  3 dart slugs
  5 leopard geckos
  6 bats
  2 giant cockroaches
  8 goblins
  5 hobgoblins
  4 jackals
  12 frilled lizards
  6 kobolds
  7 rats
65 creatures vanquished.

Vanquished Creatures (others)
  4 toadstools (D:1)
4 creatures vanquished.

Grand Total: 69 creatures vanquished

Notes
Turn   | Place    | Note
-------+----------+-------------------------------------------
     0 | D:1      | Kold the Octopode Transmuter began the quest for the Orb.
     0 | D:1      | Reached XP level 1. HP: 13/13 MP: 3/3
   190 | D:1      | Reached XP level 2. HP: 14/18 MP: 5/5
   227 | D:1      | Reached skill level 1 in Stealth
   661 | D:1      | Reached XP level 3. HP: 16/23 MP: 4/6
  1080 | D:1      | Learned a level 3 spell: Spider Form
  1330 | D:2      | Reached XP level 4. HP: 22/28 MP: 7/7
  1634 | D:2      | Learned a level 2 spell: Sticks to Snakes
  1794 | D:2      | Noticed a phantom
  1816 | D:2      | HP: 1/28 [phantom (9)]
  2267 | D:3      | Found a glowing drain.
  2276 | Sewer    | Entered a sewer
  2283 | Sewer    | Reached skill level 1 in Poison Magic
  2283 | Sewer    | Reached XP level 5. HP: 7/33 MP: 6/8
  2285 | Sewer    | Slain by a river rat

Skill      XL: |  1  2  3  4 |
---------------+-------------+-----
Stealth        | 1 2 |  2.0
Poison Magic   | 1 |  1.0
Fighting       | |  1.0
Dodging        | |  2.8
Unarmed Combat | |  3.6
Spellcasting   | |  2.6
Transmutations | |  2.8

Action                   |  1- 3 |  4- 6 || total
-------------------------+-------+-------++-------
Melee: Unarmed           |    83 |    72 ||   155
       Constrict         |    20 |    15 ||    35
       Tentacles         |    11 |    12 ||    23
       Kick              |    11 |    17 ||    28
       Punch             |     2 |     1 ||     3
 Cast: Beastly Appendage |    19 |    11 ||    30
       Spider Form       |       |     1 ||     1
       Sticks to Snakes  |       |     1 ||     1
  Use: Scroll            |     4 |     3 ||     7
 Stab: Sleeping          |     5 |     2 ||     7
  Eat: Chunk             |     2 |     3 ||     5
Armor: Skin              |    13 |     3 ||    16
Dodge: Dodged            |    65 |    45 ||   110
